 Dungeon Crawl Stone Soup version 0.29.1-4-g47bece8355 (webtiles) character file.

Game seed: 1553304807545516164

2559 MacCMillion the Skirmisher (level 9, -1/64 HPs)
             Began as a Barachi Hunter on Dec 8, 2022.
             Was a Believer of Okawaru.
             Slain by a hornet (3 damage)
             ... on level 7 of the Dungeon.
             The game lasted 00:26:42 (8909 turns).

MacCMillion the Skirmisher (Barachi Hunter)         Turns: 8909, Time: 00:26:42

Health: -1/64      AC: 12    Str: 12    XL:     9   Next: 56%
Magic:  9/9        EV: 12    Int: 13    God:    Okawaru [**....]
Gold:   405        SH:  0    Dex: 20    Spells: 8/8 levels left

rFire   . . .      SeeInvis .   k - +3 falchion of the Beast {elec, rC+}
rCold   + . .      Faith    +   (no shield)
rNeg    . . .      Spirit   .   d - +4 ring mail {Will+}
rPois   +          Reflect  .   z - +1 helmet {Int+3}
rElec   .          Harm     .   (no cloak)
rCorr   +          Rampage  .   (no gloves)
Will    +....                   (no boots)
Stlth   +.........              v - amulet of faith
HPRegen 0.20/turn               h - ring of resist corrosion
MPRegen 0.11/turn               m - ring of poison resistance

@: unable to hop, slow
A: amphibious, slowness 1, strong legs 1, +LOS
a: Hop, Renounce Religion, Heroism


You were on level 7 of the Dungeon.
You worshipped Okawaru.
Okawaru was pleased with you.
You visited 2 branches of the dungeon, and saw 9 of its levels.

You collected 405 gold pieces.

Inventory:

Hand Weapons
 a - a +1 shortbow of freezing
 k - the +3 falchion of the Beast (weapon) {elec, rC+}
   (You found it on level 2 of the Dungeon)

   It occasionally discharges a powerful burst of electricity upon striking a
   foe.
   rC:        It protects you from cold.
 t - a +0 sling
Armour
 c - a +0 leather armour
 d - a +4 ring mail of willpower (worn)
 r - a +1 leather armour of fire resistance
 z - a +1 helmet of intelligence (worn)
Jewellery
 h - a ring of resist corrosion (left hand)
 m - a ring of poison resistance (right hand)
 o - an amulet of reflection
 u - a ring of fire
 v - an amulet of faith (around neck)
 C - an amulet of the acrobat
Wands
 x - a wand of polymorph (22)
Scrolls
 b - a scroll of immolation
 i - a scroll of fear
 l - a scroll of enchant weapon
 n - a scroll of blinking
 B - a scroll of identify
Potions
 e - 2 potions of haste
 f - a potion of magic
 g - 2 potions of curing
 j - a potion of resistance {unknown}
 p - a potion of attraction {unknown}
 q - a potion of mutation {unknown}
 s - a potion of flight {unknown}
 w - a potion of lignification {unknown}
 A - a potion of might {unknown}
 D - a potion of brilliance {unknown}


   Skills:
 + Level 3.4 Fighting
 + Level 12.1 Ranged Weapons
 - Level 5.0 Armour
 + Level 3.2 Dodging
 - Level 1.0 Stealth


You had 8 spell levels left.
You didn't know any spells.
Your spell library contained the following spells:

 Spells                   Type           Power      Damage    Failure   Level
 Slow                     Hex            0%         N/A       54%         1
 Confusing Touch          Hex            0%         N/A       89%         3
 Ignite Poison            Fire/Tmut/Pois 0%         N/A       89%         3
 Mephitic Cloud           Conj/Pois/Air  0%         N/A       89%         3
 Vampiric Draining        Necr           0%         2d6       89%         3
 Passage of Golubria      Tloc           0%         N/A       100%        4
 Freezing Cloud           Conj/Ice/Air   0%         6-21      100%        5
 Yara's Violent Unravell  Hex/Tmut       0%         3d3       100%        5
 Storm Form               Tmut/Air       0%         N/A       100%        7
 Maxwell's Capacitive Co  Air            0%         ∞         100%        8
 Summon Small Mammal      Summ           Unusable   N/A       N/A         1
 Call Canine Familiar     Summ           Unusable   N/A       N/A         3
 Summon Guardian Golem    Hex/Summ       Unusable   N/A       N/A         3
 Tukima's Dance           Hex            Unusable   N/A       N/A         3
 Summon Lightning Spire   Summ/Air       Unusable   N/A       N/A         4

Dungeon Overview and Level Annotations

Branches:
Dungeon (8/15)             Temple (1/1) D:5
   Lair: D:8-11

Altars:
Ashenzari
Cheibriados
Dithmenos
Elyvilon
Fedhas
Gozag
Hepliaklqana
Makhleb
Nemelex Xobeh
Okawaru
Ru
Sif Muna
Trog
Uskayaw
Vehumet
Wu Jian
Xom
Yredelemnul
Zin
The Shining One

Shops:
D:8 !

Annotations:
D:4 Grinder
D:5 1 runed translucent door, Crazy Yiuf, Eustachio
Temple 2 transporters


Innate Abilities, Weirdness & Mutations

You are amphibious.
You cover ground slowly.
You can hop short distances.
You have an extended range of vision and can be seen from far away.


Message History

Press: ? - help, Dir - move target, p - hornet Boing!
Fire: a) +1 shortbow (freeze)
Press: ? - help, Q - select action, (/) - cycle Shift-Dir - straight line, f - hornet
Aim: a hornet (lightly wounded, 59% to hit)
You shoot an arrow. The arrow barely misses the hornet.
Unknown command.
Fire: a) +1 shortbow (freeze)
Press: ? - help, Q - select action, (/) - cycle Shift-Dir - straight line, f/p - hornet
Aim: a hornet (lightly wounded, 59% to hit)
You shoot an arrow. The arrow closely misses the hornet.
Unknown command.
Your +1 shortbow of freezing stops glowing.
You hear the crackle of electricity.
k - the +3 falchion of the Beast (weapon)
{elec, rC+} The hornet stings you!
* * * LOW HITPOINT WARNING * * *
You closely miss the hornet.
The hornet is lightly wounded.
The hornet closely misses you. The hornet stings you!
* * * LOW HITPOINT WARNING * * *
Unknown command.
You feel better.
The hornet stings you but does no damage.
You hit the hornet but do no damage.
The hornet is lightly wounded.
The hornet stings you but does no damage. x2
Unknown command.
You slash the hornet! Lightning courses through the hornet!
The hornet is almost dead.
The hornet stings you.
* * * LOW HITPOINT WARNING * * *
The hornet stings you.
* * * LOW HITPOINT WARNING * * *
Unknown command.
Unknown command.
You hit the hornet.
The hornet is almost dead.
The hornet stings you.
You die...

## ##.....## .###
##.......# ...##
#........# ....#
##.....>.# ...##
#.......## ..##
##.......# .## ####
#.......# ## ##..##
#...y...## # ##....##
##..@....# # ##......#
#.......#
###.......#####......#
#..........##........#
..............##.....#
............####.....#
.............# #######
.............##
............<.#####


You could see a hornet.

Vanquished Creatures
  A shadow (D:7)
  Edmund (D:5)
  A water moccasin (D:5)
  An ice beast (D:6)
  A sky beast (D:6)
  A black bear (D:7)
  2 ogres
  A centaur (D:8)
  2 kobold brigands
  3 bullfrogs (D:7)
  A necrophage (D:5)
  A scorpion (D:6)
  9 killer bees (D:7)
  2 howler monkeys (D:6)
  4 orc priests
  5 hounds
  3 jellies
  Jessica (D:2)
  Terence (D:3)
  4 iguanas
  An orc wizard (D:6)
  7 adders
  2 white imps (D:5)
  An ufetubus (D:6)
  2 worms
  4 dart slugs
  17 orcs
  3 ball pythons
  4 bats
  4 endoplasms
  3 giant cockroaches
  10 hobgoblins
  6 jackals
  17 kobolds
  3 quokkas
  2 frilled lizards
  5 goblins
  9 rats
  A spectral orc (D:3)
146 creatures vanquished.

Notes
Turn   | Place    | Note
-------+----------+-------------------------------------------
     0 | D:1      | MacCMillion the Barachi Hunter began the quest for the Orb.
     0 | D:1      | Reached XP level 1. HP: 17/17 MP: 1/1
   112 | D:1      | Found a faded altar of an unknown god.
   136 | D:1      | Reached skill level 1 in Stealth
   235 | D:1      | Reached XP level 2. HP: 21/23 MP: 2/2
   744 | D:2      | Reached XP level 3. HP: 25/28 MP: 3/3
   986 | D:2      | You fall into a shaft and drop 1 floor!
  1053 | D:2      | Reached skill level 5 in Ranged Weapons
  1098 | D:2      | Noticed Jessica
  1108 | D:2      | Killed Jessica
  1109 | D:2      | Reached XP level 4. HP: 28/34 MP: 4/4
  1346 | D:2      | Identified the +3 falchion of the Beast {elec, rC+}
  1999 | D:3      | Noticed Terence
  2007 | D:3      | Killed Terence
  2008 | D:3      | Reached skill level 6 in Ranged Weapons
  2008 | D:3      | Reached XP level 5. HP: 29/39 MP: 5/5
  2125 | D:3      | Found a basalt altar of Yredelemnul.
  2808 | D:4      | Reached skill level 7 in Ranged Weapons
  2808 | D:4      | Reached XP level 6. HP: 46/46 MP: 6/6
  3038 | D:4      | Reached skill level 8 in Ranged Weapons
  3228 | D:4      | Reached XP level 7. HP: 50/51 MP: 7/7
  3292 | D:4      | Noticed Grinder
  3712 | D:5      | Entered Level 5 of the Dungeon
  3870 | D:5      | Found a radiant altar of Vehumet.
  3875 | D:5      | Noticed Eustachio
  3923 | D:5      | Found a staircase to the Ecumenical Temple.
  3934 | Temple   | Entered the Ecumenical Temple
  3934 | Temple   | Found a transporter.
  3934 | Temple   | Found a transporter.
  3935 | Temple   | Found a transporter.
  3935 | Temple   | Found a transporter.
  3956 | Temple   | Became a worshipper of Warmaster Okawaru
  4029 | D:5      | Found a shimmering blue altar of Sif Muna.
  4033 | D:5      | Noticed Edmund
  4043 | D:5      | Killed Edmund
  4145 | D:5      | Reached skill level 9 in Ranged Weapons
  4667 | D:5      | Reached XP level 8. HP: 57/57 MP: 8/8
  4786 | D:5      | Reached skill level 1 in Armour
  5424 | D:5      | Found a runed translucent door.
  5425 | D:5      | Noticed Crazy Yiuf
  6021 | D:6      | Reached skill level 10 in Ranged Weapons
  6590 | D:6      | Reached * piety under Okawaru
  7053 | D:6      | Found a shadowy altar of Dithmenos.
  7194 | D:6      | Reached skill level 5 in Armour
  7671 | D:7      | Reached skill level 11 in Ranged Weapons
  7671 | D:7      | Reached XP level 9. HP: 62/62 MP: 9/9
  8175 | D:7      | Reached skill level 12 in Ranged Weapons
  8553 | D:7      | Reached ** piety under Okawaru
  8889 | D:8      | Noticed a hornet
  8889 | D:8      | Found Veneat's Distillery.
  8889 | D:8      | Found a shimmering altar of Xom.
  8908 | D:7      | HP: 1/64 [hornet (5)]
  8909 | D:7      | Slain by a hornet

Illustrated notes

Levels and vault maps discovered:
D:1:      minmay_arrival_nine_rooms, layout_basic,
          chequers_ecumenical_altar_island, serial_glass, glass_columns_b,
          glass_columns_a
D:2:      layout_rooms, minmay_tripent, uniq_jessica
D:3:      layout_basic, yredelemnul_forgotten_temple_becter, uniq_terence
D:4:      layout_basic, uniq_grinder
D:5:      layout_basic, vehumet_crystals, amcnicky_altar_gilded,
          minmay_temple_entry_large_hall, uniq_eustachio,
          uniq_crazy_yiuf_cottage, uniq_edmund
D:6:      layout_rooms, mainiacjoe_overflow_brackets, roderic_serpentine_path
D:7:      layout_cave_pods
D:8:      layout_basic, xom_confusion_cloud, serial_shops,
          nicolae_lakefront_shop, nicolae_shop_temple_entry_statues_fountains,
          shop, shop, nicolae_shop_temple_entry_statues_fountains,
          nicolae_benzene_ring
Temple:   hellmonk_temple_divided_pantheon

Skill      XL: |  1  2  3  4  5  6  7  8  9 |
---------------+----------------------------+-----
Stealth        | 1 |  1.0
Ranged Weapons | 5 6 7 8 9 11 12 | 12.1
Armour         | 5 |  5.0
Fighting       | 3 |  3.4
Dodging        | 3 |  3.2

Action                   |  1- 3 |  4- 6 |  7- 9 || total
-------------------------+-------+-------+-------++-------
Melee: Falchion          |       |    24 |   117 ||   141
       Punch             |       |       |     3 ||     3
 Fire: Shortbow          |    95 |   120 |   201 ||   416
       Sling             |       |     4 |       ||     4
Invok: Heroism           |       |       |     1 ||     1
 Abil: Hop               |       |     2 |     3 ||     5
  Use: Potion            |     1 |       |     3 ||     4
       Scroll            |       |       |     9 ||     9
Armor: Leather armour    |    23 |    11 |     2 ||    36
       Ring mail         |       |       |   114 ||   114
Dodge: Dodged            |    49 |    38 |   126 ||   213
